 Dungeon Crawl Stone Soup version 0.29-a0-668-g12ee2bf84d (webtiles) character file.

Game seed: 9217407875990771281

140 DocClef the Shield-Bearer (level 5, -11/70 HPs)
             Began as a Gnoll Fighter on June 23, 2022.
             Killed from afar by Ijyb (27 damage)
             ... with a bolt of acid
             ... on level 3 of the Dungeon.
             The game lasted 00:02:50 (2634 turns).

DocClef the Shield-Bearer (Gnoll Fighter)           Turns: 2634, Time: 00:02:50

Health: -11/70     AC: 18    Str: 18    XL:     5   Next: 23%
Magic:  0/2        EV:  2    Int:  7    God:
Gold:   74         SH:  5    Dex: 11    Spells: 6/6 levels left

rFire   . . .      SeeInvis .   u - +1 trident (antimagic)
rCold   . . .      Faith    .   c - +0 buckler
rNeg    . . .      Spirit   +   (body armour currently unavailable)
rPois   +          Reflect  .   (helmet currently unavailable)
rElec   .          Harm     .   (cloak currently unavailable)
rCorr   .          Rampage  .   (gloves currently unavailable)
Will    .....      NoTele   +   (boots currently unavailable)
Stlth   ++........              p - amulet of guardian spirit
HPRegen 0.21/turn               (no ring)
MPRegen 0.08/turn               (no ring)

@: tree-form, corroded
A: stationary, stasis, torment immunity, boosted hp, (fangs 1), strong nose,
distributed training
a: no special abilities


You were on level 3 of the Dungeon.
You were a tree.
You visited 1 branch of the dungeon, and saw 3 of its levels.

You collected 74 gold pieces.

Inventory:

Hand Weapons
 a - a +0 flail
 u - a +1 antimagic trident (weapon)
Missiles
 v - a throwing net (quivered)
Armour
 b - a +0 scale mail (melded)
 c - a +0 buckler (worn)
 e - a +0 pair of boots (melded)
Jewellery
 p - an amulet of guardian spirit (around neck)
Scrolls
 f - 2 scrolls of fear {unknown}
 g - a scroll of enchant armour {unknown}
 h - 2 scrolls of poison {unknown}
 i - 2 scrolls of teleportation {unknown}
 j - 4 scrolls of enchant weapon {unknown}
 n - a scroll of noise {unknown}
 o - 2 scrolls of magic mapping {unknown}
 r - 2 scrolls of immolation {unknown}
 t - a scroll of acquirement {unknown}
Potions
 d - a potion of might
 l - a potion of cancellation
 q - 2 potions of flight {unknown}
 s - a potion of resistance {unknown}


   Skills:
 + Level 6.6 Fighting
 + Level 1.4 Short Blades
 + Level 1.4 Long Blades
 + Level 1.4 Axes
 + Level 4.7 Maces & Flails
 + Level 1.4 Polearms
 + Level 1.4 Staves
 + Level 1.4 Slings
 + Level 1.4 Bows
 + Level 1.4 Crossbows
 + Level 1.4 Throwing
 + Level 6.6 Armour
 + Level 1.4 Dodging
 + Level 1.4 Stealth
 + Level 6.6 Shields
 + Level 1.4 Unarmed Combat
 + Level 1.4 Spellcasting
 + Level 1.1 Conjurations
 + Level 1.1 Hexes
 + Level 1.1 Summonings
 + Level 1.1 Necromancy
 + Level 1.1 Translocations
 + Level 1.1 Transmutations
 + Level 1.1 Fire Magic
 + Level 1.1 Ice Magic
 + Level 1.1 Air Magic
 + Level 1.1 Earth Magic
 + Level 1.1 Poison Magic
 + Level 1.5 Invocations
 + Level 1.4 Evocations


You had 6 spell levels left.
You didn't know any spells.
Your spell library contained the following spells:

 Spells                   Type           Power      Damage    Failure   Level
 Apportation              Tloc           4%         N/A       32%         1
 Sublimation of Blood     Necr           2%         N/A       45%         2
 Petrify                  Tmut/Erth      2%         N/A       97%         4
 Alistair's Intoxication  Tmut/Pois      1%         N/A       100%        5
 Irradiate                Conj/Tmut      1%         3d13      100%        5


Dungeon Overview and Level Annotations

Branches:
Dungeon (3/15)

Altars:
Fedhas
Sif Muna
Xom

Annotations:
D:3 Ijyb


Innate Abilities, Weirdness & Mutations

You are a tree.
Your roots penetrate the ground, keeping you stationary.
You cannot be teleported.
You are immune to unholy pain and torment.
Your maximum health is greatly increased.
Your equipment is partially melded.
((You have very sharp teeth.))
Your uncanny sense of smell can sniff out nearby items.
Your experience applies equally to all skills.


Message History

Ijyb is moderately wounded.
Ijyb zaps a wand.
The bolt of acid hits you! The acid corrodes you! You block Ijyb's attack.
Unknown command.
You barely miss Ijyb.
Ijyb is moderately wounded.
Ijyb hits you with a +0 club.
You hit Ijyb but do no damage.
Ijyb is moderately wounded.
Ijyb hits you with a +0 club.
Unknown command.
You closely miss Ijyb.
Ijyb is moderately wounded.
Ijyb zaps a wand.
The bolt of acid misses you.
Unknown command.
It was a potion of magic.
Magic courses through your body. Ijyb hits you with a +0 club.
* * * LOW HITPOINT WARNING * * *
It was a potion of cancellation.
Your magical effects are unravelling.
You feel magically purged.
You are no longer corroded.
Ijyb hits you with a +0 club.
* * * LOW HITPOINT WARNING * * *
It was a potion of lignification.
You turn into a tree.
Your +0 pair of boots melds into your body.
Your +0 scale mail melds into your body.
Your roots penetrate the ground.
Ijyb completely misses you.
You hit Ijyb but do no damage.
Ijyb is moderately wounded.
Ijyb zaps a wand.
The bolt of acid hits you but does no damage.
The acid corrodes you!
You hit Ijyb.
Ijyb is moderately wounded.
You block Ijyb's attack. Ijyb hits you but does no damage.
You barely miss Ijyb.
Ijyb is moderately wounded.
Ijyb zaps a wand.
The bolt of acid hits you!!
You die...

####### #.....# .##.....#####
......... ..# #.....# #.#
##.....###.##############
..!....gg♣................ .#
###.....###.########.##### .#
#.....# #.## #.# .#
#.....###..### #.# .#
#.....#......# #.#
.#########.....#......# ###.#####
.........#######......# #.......#
.........# #......# #.......#
.....†...#######......###.......#


You could see Ijyb and a hobgoblin.

Vanquished Creatures
  A howler monkey (D:2)
  3 adders
  A gnoll (D:1)
  A worm (D:2)
  2 dart slugs
  2 ball pythons (D:1)
  8 endoplasms
  A giant cockroach (D:2)
  5 goblins
  6 hobgoblins
  4 jackals (D:1)
  A quokka (D:1)
  3 bats
  6 frilled lizards
  5 kobolds
  4 rats
53 creatures vanquished.

Notes
Turn   | Place    | Note
-------+----------+-------------------------------------------
     0 | D:1      | DocClef the Gnoll Fighter began the quest for the Orb.
     0 | D:1      | Reached XP level 1. HP: 23/23 MP: 1/1
    82 | D:1      | Reached XP level 2. HP: 17/29 MP: 2/2
   348 | D:1      | Reached XP level 3. HP: 29/35 MP: 3/3
   903 | D:1      | Reached skill level 1 in Invocations
   920 | D:1      | Found a faded altar of an unknown god.
  1217 | D:2      | Reached skill level 1 in Short Blades
  1217 | D:2      | Reached skill level 1 in Long Blades
  1217 | D:2      | Reached skill level 1 in Axes
  1217 | D:2      | Reached skill level 1 in Polearms
  1217 | D:2      | Reached skill level 1 in Staves
  1217 | D:2      | Reached skill level 1 in Slings
  1217 | D:2      | Reached skill level 1 in Bows
  1217 | D:2      | Reached skill level 1 in Crossbows
  1217 | D:2      | Reached skill level 1 in Throwing
  1217 | D:2      | Reached skill level 1 in Dodging
  1217 | D:2      | Reached skill level 1 in Stealth
  1217 | D:2      | Reached skill level 1 in Unarmed Combat
  1217 | D:2      | Reached skill level 1 in Spellcasting
  1217 | D:2      | Reached skill level 1 in Evocations
  1524 | D:2      | Reached XP level 4. HP: 41/41 MP: 5/5
  1717 | D:2      | Reached skill level 1 in Conjurations
  1717 | D:2      | Reached skill level 1 in Hexes
  1717 | D:2      | Reached skill level 1 in Summonings
  1717 | D:2      | Reached skill level 1 in Necromancy
  1717 | D:2      | Reached skill level 1 in Translocations
  1717 | D:2      | Reached skill level 1 in Transmutations
  1717 | D:2      | Reached skill level 1 in Fire Magic
  1717 | D:2      | Reached skill level 1 in Ice Magic
  1717 | D:2      | Reached skill level 1 in Air Magic
  1717 | D:2      | Reached skill level 1 in Earth Magic
  1717 | D:2      | Reached skill level 1 in Poison Magic
  1717 | D:2      | Reached XP level 5. HP: 47/47 MP: 6/6
  1937 | D:3      | Found a blossoming altar of Fedhas.
  2205 | D:3      | Found a shimmering altar of Xom.
  2426 | D:3      | Found a shimmering blue altar of Sif Muna.
  2615 | D:3      | Noticed Ijyb
  2634 | D:3      | Killed from afar by Ijyb

Illustrated notes

Levels and vault maps discovered:
D:1:      kennysheep_arrival_seaside, layout_loops_cross,
          shapermc_ecumenical_altar_mp_vishouse, supply_closet_lemuel
D:2:      layout_rooms
D:3:      layout_basic, mainiacjoe_overflow_large_starburst,
          mainiacjoe_overflow_alcove_4, grunt_ministairs_9, serial_bayou_pond_c,
          serial_bayou_pond_d, uniq_ijyb

Skill      XL: |  1  2  3  4 |
---------------+-------------+-----
Invocations    | 1 |  1.5
Short Blades   | 1 |  1.4
Long Blades    | 1 |  1.4
Axes           | 1 |  1.4
Polearms       | 1 |  1.4
Staves         | 1 |  1.4
Slings         | 1 |  1.4
Bows           | 1 |  1.4
Crossbows      | 1 |  1.4
Throwing       | 1 |  1.4
Dodging        | 1 |  1.4
Stealth        | 1 |  1.4
Unarmed Combat | 1 |  1.4
Spellcasting   | 1 |  1.4
Evocations     | 1 |  1.4
Conjurations   | 1 |  1.1
Hexes          | 1 |  1.1
Summonings     | 1 |  1.1
Necromancy     | 1 |  1.1
Translocations | 1 |  1.1
Transmutations | 1 |  1.1
Fire Magic     | 1 |  1.1
Ice Magic      | 1 |  1.1
Air Magic      | 1 |  1.1
Earth Magic    | 1 |  1.1
Poison Magic   | 1 |  1.1
Fighting       | |  6.6
Maces & Flails | |  4.7
Armour         | |  6.6
Shields        | |  6.6

Action                   |  1- 3 |  4- 6 || total
-------------------------+-------+-------++-------
Melee: Flail             |   112 |    47 ||   159
       Bite              |     7 |     4 ||    11
       Trident           |       |    22 ||    22
  Use: Potion            |       |     3 ||     3
Armor: Scale mail        |    62 |    29 ||    91
       Skin              |       |     2 ||     2
Dodge: Dodged            |    47 |    26 ||    73
Block: Buckler           |    39 |    22 ||    61

Table legend: (Time is in decaauts)
 A = Elapsed time spent in this place.
 B = Non-inter-level travel time spent in this place.
 C = Inter-level travel time spent in this place.
 D = Time resting spent in this place.
 E = Time spent auto-exploring this place.
 F = Levels seen in this place.
 G = Mean time per level.
                   A        B        C        D        E       F      G
               +--------+--------+--------+--------+--------+-----+--------+
         Total |   2676 |   2587 |     89 |      0 |   2132 |   3 |  892.0 |
       Dungeon |   2676 |   2587 |     89 |      0 |   2132 |   3 |  892.0 |
               +--------+--------+--------+--------+--------+-----+--------+

Top non-repeatable levels by time:
     D:1: 1147 daAuts
     D:2: 807 daAuts
     D:3: 721 daAuts
